 Dungeon Crawl Stone Soup version 0.28-a0-1002-gf00fe891ef (webtiles) character file.

Game seed: 12480960142288475669

145 Strat the Chopper (level 5, -6/41 HPs)
             Began as a Barachi Abyssal Knight on Dec 6, 2021.
             Was a Believer of Lugonu.
             Mangled by Natasha (8 damage)
             ... on level 4 of the Dungeon.
             The game lasted 00:05:05 (4030 turns).

Strat the Chopper (Barachi Abyssal Knight)          Turns: 4030, Time: 00:05:06

Health: -6/41      AC:  0    Str: 16    XL:     5   Next: 27%
Magic:  6/6        EV: 18    Int: 10    God:    Lugonu [**....]
Gold:   122        SH:  0    Dex: 18    Spells: 4/4 levels left

rFire   . . .      SeeInvis .   (weapon currently unavailable)
rCold   . . .      Faith    .   (shield currently unavailable)
rNeg    . . .      Spirit   .   (armour currently unavailable)
rPois   .          Reflect  .   (helmet currently unavailable)
rElec   .          Harm     .   (cloak currently unavailable)
rCorr   .          Rampage  .   (gloves currently unavailable)
Will    .....                   (boots currently unavailable)
Stlth   ++........              (no amulet)
HPRegen 0.13/turn               (ring currently unavailable)
MPRegen 0.10/turn               (ring currently unavailable)

@: bat-form, flying, very quick
A: fast, flying, no casting, (amphibious), tiny, (slowness 1), (strong legs 1),
+LOS
a: Renounce Religion, Depart the Abyss, Bend Space


You were on level 4 of the Dungeon.
You worshipped Lugonu.
Lugonu was pleased with you.
You were a bat.
You visited 1 branch of the dungeon, and saw 4 of its levels.
You visited the Abyss 1 time.

You collected 122 gold pieces.

Inventory:

Hand Weapons
 a - a +2 hand axe (melded)
 r - a +0 flail
Missiles
 e - 198 stones (quivered)
 o - 2 javelins
 p - 5 poisoned darts
 s - a boomerang
Armour
 b - a +0 leather armour
 f - a +0 ring mail (melded)
 l - a +0 plate armour
Jewellery
 d - a ring of positive energy (melded)
 i - a +6 ring of intelligence
Wands
 j - a wand of iceblast (3)
 q - a wand of paralysis (8)
Scrolls
 g - a scroll of fog
Potions
 h - a potion of curing {unknown}
 k - a potion of flight {unknown}


   Skills:
 - Level 3.6 Fighting
 + Level 5.8 Axes
 - Level 2.4 Armour
 - Level 1.1 Dodging
 - Level 1.5 Invocations


You had 4 spell levels left.
You didn't know any spells.
Your spell library contained the following spells:

 Spells                   Type           Power      Damage    Failure   Level
 Slow                     Hex            0%         N/A       36%         1
 Confusing Touch          Hex            0%         N/A       75%         3
 Inner Flame              Hex/Fire       0%         N/A       75%         3
 Cause Fear               Hex            0%         N/A       98%         4
 Yara's Violent Unravell  Hex/Tmut       0%         3d3       100%        5
 Dragon Form              Tmut           0%         N/A       100%        7
 Discord                  Hex            0%         N/A       100%        8
 Dragon's Call            Summ           0%         N/A       100%        9


Dungeon Overview and Level Annotations

Branches:
Dungeon (4/15)
 Temple: D:4-7

Altars:

Shops:
D:1 (!

Annotations:
D:4 Natasha


Innate Abilities, Weirdness & Mutations

You are a bat.
You are tiny and dextrous.
You move quickly.
You are flying.
Your equipment is almost entirely melded.
You are incapable of wielding weapons or throwing items.
You cannot cast spells.
((You are amphibious.))
((You cover ground slowly.))
((You can hop short distances.))
You have an extended range of vision and can be seen from far away.


Message History

Natasha completely misses you.
You hit Natasha but do no damage.
Natasha is lightly wounded.
Natasha closely misses you. Natasha claws you.
* * * LOW HITPOINT WARNING * * *
You closely miss Natasha.
Natasha is lightly wounded.
You feel yourself speed up.
Natasha zaps a wand.
The now-empty wand crumbles to dust.
You hit Natasha but do no damage. Natasha claws you.
* * * LOW HITPOINT WARNING * * *
Natasha misses you.
You closely miss Natasha. Natasha completely misses you.
You hit Natasha.
Natasha is lightly wounded.
The iron imp disappears in a puff of smoke!
Natasha claws you.
* * * LOW HITPOINT WARNING * * *
You hit Natasha.
Natasha is moderately wounded.
Natasha stares at you and mumbles some strange words.
The magic dart hits you.
* * * LOW HITPOINT WARNING * * *
Natasha claws you.
* * * LOW HITPOINT WARNING * * *
You hit Natasha but do no damage.
Natasha is moderately wounded.
Natasha casts a spell at you. The magic dart hits you!
* * * LOW HITPOINT WARNING * * *
You hit Natasha but do no damage.
Natasha is moderately wounded.
Natasha closely misses you.
You hit Natasha.
Natasha is moderately wounded.
Natasha barely misses you.
Natasha wildly gestures.
Natasha glows brightly for a moment.
Natasha claws you!
You die...

,,,,,,,,,,*.#.##*
#..###.......
,,*********...##* #.##
#......< ,,* ##*...#* ##.#
#..[.... ,,* *#...#*#..*
##.....# ,,* #.#..##.#*
##...## ,**
#..#....##########* **
*#..5.........# *
#######5........#
#..$.bhs........#
*#?#####.........# *,,*
#.........#***** ****,**
###..........,,* *,,,,*
###.........,*
**,************##.........*
*,,,,,,,,,,,,,,,..........*
****************#.........*
#.........*


You could see a scorpion, Natasha (fast) and a crimson imp (summoned).

Vanquished Creatures
  A wyvern zombie (D:3)
  3 adders
  A worm (D:2)
  3 dart slugs
  An orc (D:4)
  6 ball pythons
  5 bats
  2 endoplasms
  3 giant cockroaches
  5 goblins
  4 hobgoblins
  6 kobolds
  5 quokkas
  4 frilled lizards
  4 rats
53 creatures vanquished.

Notes
Turn   | Place    | Note
-------+----------+-------------------------------------------
     0 | Abyss:1  | Strat the Barachi Abyssal Knight began the quest for the
                  | Orb.
     0 | Abyss:1  | Reached XP level 1. HP: 18/18 MP: 2/2
     3 | Abyss:1  | Found a corrupted altar of Lugonu.
     4 | Abyss:1  | Found a shimmering blue altar of Sif Muna.
    76 | Abyss:1  | Noticed a large abomination
    78 | D:1      | Escaped the Abyss
   376 | D:1      | Found Yreontou's Weapon Shoppe.
   565 | D:1      | Reached skill level 3 in Axes
   565 | D:1      | Reached XP level 2. HP: 19/24 MP: 3/3
   651 | D:1      | Found Puru Lin's Distillery.
   898 | D:1      | Found a faded altar of an unknown god.
  1282 | D:2      | Reached * piety under Lugonu
  1283 | D:2      | Reached XP level 3. HP: 27/29 MP: 4/4
  1768 | D:2      | Reached skill level 4 in Axes
  2353 | D:2      | Reached XP level 4. HP: 36/36 MP: 5/5
  2517 | D:3      | Reached skill level 5 in Axes
  2719 | D:3      | Reached XP level 5. HP: 41/41 MP: 6/6
  3122 | D:3      | Reached ** piety under Lugonu
  3492 | D:4      | Noticed a black bear
  3800 | D:4      | Noticed a black bear
  4007 | D:4      | Noticed Natasha
  4028 | D:4      | HP: 2/41 [Natasha/magic dart (9)]
  4030 | D:4      | Mangled by Natasha

Illustrated notes

Levels and vault maps discovered:
D:1:      dpeg_arrival_central, layout_basic, basic_ecumenical_altar,
          serial_shops, nicolae_shop_behind_doors, shop,
          kennysheep_decorative_pillar
D:2:      layout_rooms, kennysheep_generic_room_4
D:3:      layout_basic, chequers_serial_rivers_micro_a
D:4:      layout_rooms, uniq_natasha

Skill      XL: |  1  2  3  4 |
---------------+-------------+-----
Axes           | 3 4 5 |  5.8
Fighting       | |  3.6
Armour         | |  2.4
Dodging        | |  1.1
Invocations    | |  1.5

Action                   |  1- 3 |  4- 6 || total
-------------------------+-------+-------++-------
Melee: Hand axe          |   104 |    45 ||   149
       Unarmed           |       |    14 ||    14
Throw: Stone             |     2 |       ||     2
Invok: Depart the Abyss  |     1 |       ||     1
Evoke: Wand              |       |     3 ||     3
  Use: Scroll            |       |     8 ||     8
       Potion            |       |     1 ||     1
Armor: Ring mail         |    31 |    21 ||    52
Dodge: Dodged            |    46 |    38 ||    84

Table legend: (Time is in decaauts)
 A = Elapsed time spent in this place.
 B = Non-inter-level travel time spent in this place.
 C = Inter-level travel time spent in this place.
 D = Time resting spent in this place.
 E = Time spent auto-exploring this place.
 F = Levels seen in this place.
 G = Mean time per level.
                   A        B        C        D        E       F      G
               +--------+--------+--------+--------+--------+-----+--------+
         Total |   4497 |   4242 |    255 |    691 |   2825 |   5 |  899.4 |
       Dungeon |   4404 |   4149 |    255 |    691 |   2825 |   4 | 1101.0 |
         Abyss |     93 |     93 |      0 |      0 |      0 |   1 |   93.0 |
               +--------+--------+--------+--------+--------+-----+--------+

Top non-repeatable levels by time:
     D:3: 1533 daAuts
     D:2: 1317 daAuts
     D:1: 1236 daAuts
     D:4: 316 daAuts
 Abyss:1: 93 daAuts
